[Event "Sardinia World Festival-A 2024"]
[Site "Orosei"]
[Date "2024.04.30"]
[Round "4.40"]
[White "Chitre Arush"]
[Black "Shohat, Yotam"]
[Result "1/2-1/2"]
[ECO "D02"]
[WhiteElo "2210"]
[BlackElo "2398"]
[Annotator "TA"]
[PlyCount "110"]
[EventDate "2024.04.26"]
[EventType "swiss"]
[EventCountry "ITA"]
[SourceTitle "playchess.com"]
[Source "ChessBase"]
[SourceQuality "1"]
[TimeControl "40/5400+30:1800+30"]

1. d4 Nf6 2. Bf4 c5 3. e3 d5 4. Nf3 Nc6 5. c3 Qb6 6. Qc2 g6 7. Nbd2 Bf5 8. dxc5 Qxc5 9. Qb3 Na5 10. Qb5+ Qxb5 11. Bxb5+ Bd7 12. Bxd7+ Nxd7 13. e4 Nc5 14. Bc7 dxe4 15. Ng5 ({White should try} 15. Nxe4 $11 Nxe4 16. Bxa5) 15... Bh6 16. Ngxe4 Nxe4 17. Nxe4 Nc4 {[%emt 0:01:33][%cal Oa8c8] aiming for ...Rc8!} 18. b3 Rc8 19. Bg3 f5 20. bxc4 fxe4 21. Rb1 b6 ({Much weaker is} 21... Rxc4 22. Rxb7 Kf7 23. Rxa7 $11) 22. Rb4 Bg7 23. Kd2 Kf7 $36 {[%emt 0:03:30][%mdl 2048] White must now prevent ...Rhd8+. Black has strong initiative.} 24. Kc2 Rhd8 25. Re1 Rd3 26. Re3 Rxe3 ({Of course not} 26... Bxc3 $6 27. Rxd3 Bxb4 28. Rd4 $11) 27. fxe3 $17 {[%emt 0:00:04][%mdl 4096] Endgame. KRB-KRB} Rc5 28. Be1 (28. Bb8 $15 Ra5 29. a4) 28... Be5 29. h3 Bd6 30. g4 h5 31. Kb3 (31. Rb5 $17 {was the only chance.}) 31... hxg4 32. hxg4 Ke6 33. Rb5 Kd7 34. Rxc5 Bxc5 $15 {[%emt 0:00:02] KB-KB} 35. Bf2 Kc6 36. a4 e6 37. Kc2 Be7 38. Kb2 Kc5 39. Kb3 Bg5 40. Bg1 Bh6 41. Bf2 a6 42. Bg1 Bg5 43. Bf2 e5 44. Bg3 $1 Kd6 ({Don't play} 44... Bxe3 45. Bxe5 Bg1 46. Bg7 $11) 45. Bf2 a5 46. Kc2 {[%emt 0:00:00] The position is equal.} Be7 47. Bg3 Bg5 (47... Kc5 $5 48. Kb3 $8 Bf6 $11) 48. Bf2 Bh6 49. Kb3 Kc6 50. Kc2 Bg5 (50... Kc5 $5 51. Kb3 $8 Kc6 $11) 51. Kb3 Be7 52. Bg3 Kd6 53. Kc2 Ke6 (53... Kc5 $5 54. Kb3 $8 Bf6 $11) 54. Kd2 Bg5 {[%emt 0:00:55] [#] And now ...Kd6 would win.} 55. Bf2 Be7 {[%emt 0:00:54] Whites escaped into a draw.   Weighted Error Value: White=0.09 (flawless) /Black=0.09 (flawless) .  Mistake:       	White=3     	---        Inaccurate:     	White=2     	Black=4      OK:         	White=23    	Black=16     Best:        	White=7     	Black=4      Strong:       	White=1     	---} 1/2-1/2

[Event "Sardinia World Festival-A 2024"]
[Site "Orosei"]
[Date "2024.04.30"]
[Round "4.41"]
[White "Zemach, Nadav"]
[Black "Bin-Suhayl, Ieysaa"]
[Result "1-0"]
[ECO "E06"]
[WhiteElo "2396"]
[BlackElo "2214"]
[Annotator "RC"]
[PlyCount "201"]
[EventDate "2024.04.26"]
[EventType "swiss"]
[EventCountry "ITA"]
[SourceTitle "playchess.com"]
[Source "ChessBase"]
[SourceQuality "1"]
[TimeControl "40/5400+30:1800+30"]

1. d4 d5 2. c4 e6 3. Nf3 Nf6 4. g3 Be7 5. Bg2 O-O 6. Nc3 dxc4 7. Ne5 Nc6 8. Bxc6 bxc6 9. Nxc6 Qe8 10. Nxe7+ Qxe7 11. Qa4 Bb7 12. O-O Bd5 13. b3 Qe8 14. Qa6 Qc8 15. Qxc8 Rfxc8 16. Nxd5 exd5 17. bxc4 dxc4 18. Ba3 Re8 19. e3 Nd5 20. Rfc1 c3 21. Rab1 a6 22. Bb4 Reb8 23. Ba3 f5 24. Kf1 Rb5 25. Ke2 Kf7 26. Kd3 Ke6 27. f3 Kd7 28. e4 Nf6 29. Rxb5 axb5 30. Rxc3 Re8 31. exf5 Nd5 32. Rb3 c6 33. Kd2 Ra8 34. h4 Ra4 35. Kd3 Ke8 36. g4 Kf7 37. g5 b4 38. Bb2 Rxa2 39. Kc4 Ra5 40. h5 Nb6+ 41. Kd3 Rxf5 42. Rxb4 Nd7 43. Rb7 Ke6 44. Bc1 Rxf3+ 45. Ke4 Rc3 46. Bd2 Rh3 47. Rc7 Rxh5 48. Rxc6+ Ke7 49. Ra6 h6 50. Bb4+ Kd8 51. g6 Rg5 52. Bd2 Rh5 53. Bf4 Ke8 54. Re6+ Kd8 55. Bd2 Nf8 56. Ra6 Nd7 57. Ra8+ Kc7 58. Bf4+ Kb7 59. Rh8 Nf6+ 60. Kd3 Rh4 61. Be5 Nh5 62. Rh7 Rg4 63. Bxg7 Rxg6 64. Bxh6+ Kc8 65. Kc4 Nf6 66. Rh8+ Kb7 67. Bf4 Rg7 68. Be5 Rf7 69. d5 Nd7 70. Bd6 Rg7 71. Rd8 Rh7 72. Kb5 Rf7 73. Bc5 Nxc5 74. Kxc5 Kc7 75. Rh8 Rg7 76. Rh6 Rf7 77. Ra6 Rf1 78. Ra7+ Kb8 79. Re7 Kc8 80. Kc6 Rc1+ 81. Kd6 Rd1 82. Rh7 Rd2 83. Rh8+ Kb7 84. Rg8 Rd1 85. Rg5 Rh1 86. Re5 Rh6+ 87. Kd7 Rg6 88. d6 Kb6 89. Re1 Rg7+ 90. Re7 Rg6 91. Re6 Rg7+ 92. Kd8 Rg8+ 93. Re8 Rg7 94. d7 Kb7 95. Re1 Rg8+ 96. Ke7 Rg7+ 97. Kd6 Rg6+ 98. Re6 Rg8 99. Re8 Rg6+ 100. Ke5 Rg5+ 101. Kf4 1-0

[Event "Sardinia World Festival-A 2024"]
[Site "Orosei"]
[Date "2024.04.30"]
[Round "4.42"]
[White "Bellia, Fabrizio"]
[Black "Kairbekova, Amina"]
[Result "1-0"]
[ECO "E73"]
[WhiteElo "2384"]
[BlackElo "2204"]
[Annotator "TA"]
[PlyCount "73"]
[EventDate "2024.04.26"]
[EventType "swiss"]
[EventCountry "ITA"]
[SourceTitle "playchess.com"]
[Source "ChessBase"]
[SourceQuality "1"]
[TimeControl "40/5400+30:1800+30"]

1. d4 Nf6 2. c4 g6 3. Nc3 Bg7 4. e4 d6 5. Be2 O-O 6. Be3 Nc6 7. d5 Ne5 8. f4 Neg4 9. Bd2 Nh6 $1 {[%emt 0:01:41] The position is equal.} 10. h3 e6 11. dxe6 fxe6 12. g4 Nf7 (12... Nd7 $1 $11) 13. Qc2 $1 $16 b5 14. cxb5 d5 ({Black should play} 14... e5 $14) 15. Nf3 (15. e5 $16) 15... Nxe4 16. Nxe4 dxe4 17. Qxe4 Rb8 18. O-O {[%emt 0:09:11] With the idea Qe3.} Bb7 $1 19. Qc2 Nd6 20. a4 Ne4 (20... c6 $11) 21. Be3 Ng3 22. Rad1 Qf6 (22... Be4 $11 {remains equal.} 23. Rxd8 Bxc2 24. Rxf8+ (24. Rxb8 Nxe2+ 25. Kf2 Rxb8 $11) 24... Rxf8) 23. Rf2 $36 {[%emt 0:00:00][%mdl 2048] Hoping for Rd7. White is on the roll.} Nxe2+ 24. Qxe2 Bd5 25. Rc1 (25. Bxa7 Ra8 26. Bc5 Rxa4 $14) 25... Qd8 26. Ne5 (26. Bxa7 Ra8 27. Bd4 Bxd4 28. Nxd4 Qd6 $16) 26... Bxe5 27. fxe5 Rxf2 28. Qxf2 {[%emt 0:00:00][%cal Oe3h6] Black must now prevent Bh6!} (28. Kxf2 $2 Qh4+ 29. Kf1 Rf8+ (29... Qxh3+ 30. Ke1 $17) 30. Bf2 Qxh3+ 31. Ke1 Rf4 $19) 28... Bb7 {[%emt 0:00:07] Black is weak on the dark squares} 29. Kh2 {[%emt 0:00:00][%cal Oe3h6,Bg1h2,Bh2g3,Bg3h4][%mdl 32] Threatens to win with Bh6!} (29. Bxa7 Qd5 30. Qh2 (30. Bxb8 $2 Qh1#) 30... Rf8 $15) 29... Qd5 30. Bh6 {[%emt 0:00:00] Wards off Rf8. Strongly threatening Rf1. Active counter play!} ({Much worse is} 30. Rxc7 $6 Rf8 $11) 30... Qxe5+ {[%emt 0:01:30] [#]} 31. Qf4 $1 Qxb2+ {[%emt 0:17:50] [#]} (31... Qxf4+ $16 32. Bxf4 Rc8 33. Rxc7 (33. Bxc7 Kf7 $18) 33... Rxc7 34. Bxc7 Kf7) 32. Kg3 $1 $18 Rc8 {[%emt 0:00:56] Loses the game.} (32... Qa3+ $16 33. Kh4 Qe7+ 34. Bg5 e5 35. Qc4+ (35. Bxe7 exf4 36. Rxc7 a6 $18) 35... Qf7 36. Qxf7+ (36. Qxc7 $2 Qf2#) 36... Kxf7 37. Rxc7+ Ke6) 33. Kh4 {[%emt 0:00:00] White mates.} g5+ 34. Qxg5+ Kh8 35. Rf1 Qd4 36. Qe7 Rg8 37. Rf8 {[%emt 0:00:00] Weighted Error Value: White=0.11 (very precise) /Black=0.40.  Loses game:     	---       	Black=1      Mistake:       	White=1     	Black=5      Inaccurate:     	White=3     	Black=2      OK:         	White=5     	Black=5      Best:        	White=3     	Black=3      Strong:       	White=3     	Black=2} 1-0

[Event "Sardinia World Festival-A 2024"]
[Site "Orosei"]
[Date "2024.04.30"]
[Round "4.43"]
[White "Varsani, Hirbod"]
[Black "Saine, Zachary"]
[Result "0-1"]
[ECO "C24"]
[WhiteElo "1992"]
[BlackElo "2032"]
[Annotator "NA RC"]
[PlyCount "106"]
[EventDate "2024.04.26"]
[EventType "swiss"]
[EventCountry "ITA"]
[SourceTitle "playchess.com"]
[Source "ChessBase"]
[SourceQuality "1"]
[TimeControl "40/5400+30:1800+30"]

1. e4 e5 2. Bc4 Nf6 3. d3 c6 4. Nf3 d5 5. Bb3 Bd6 6. Qe2 O-O 7. Nbd2 Na6 8. c3 Nc5 9. Bc2 dxe4 10. dxe4 b6 11. b4 Ba6 12. c4 Ne6 13. b5 Nf4 14. Qf1 cxb5 15. g3 Ne6 16. cxb5 Bb7 17. Bb2 Rc8 18. Bb1 Bb4 19. Qe2 Bc3 20. Bxc3 Rxc3 21. O-O Nd4 22. Nxd4 Qxd4 23. a4 Rxg3+ 24. hxg3 Qxa1 25. Nc4 Qxa4 26. Nd6 Bc8 27. Ba2 Bg4 28. Qb2 Qd4 29. Qxd4 exd4 30. f3 Be6 31. Bb1 Rd8 32. e5 Ne8 33. Nxe8 Rxe8 34. Rd1 Rd8 35. Bd3 Rd5 36. f4 g6 37. Ra1 Rd7 38. Rc1 Kg7 39. Rc6 Bd5 40. Rc8 f6 41. exf6+ Kxf6 42. Rf8+ Rf7 43. Rh8 Ke6 44. Kh2 Kd6 45. Rd8+ Rd7 46. Rf8 Be6 47. Rc8 Bf5 48. Be2 Re7 49. Rc6+ Kd5 50. Bf3+ Be4 51. Bd1 d3 52. Kg1 Kd4 53. Kf2 Bxc6 0-1

[Event "Sardinia World Festival-A 2024"]
[Site "Orosei"]
[Date "2024.04.30"]
[Round "4.44"]
[White "Becker, Martin Alexander"]
[Black "Wang, Shanshan"]
[Result "1-0"]
[ECO "D04"]
[WhiteElo "2373"]
[BlackElo "1966"]
[Annotator "TA"]
[PlyCount "130"]
[EventDate "2024.04.26"]
[EventType "swiss"]
[EventCountry "ITA"]
[SourceTitle "playchess.com"]
[Source "ChessBase"]
[SourceQuality "1"]
[TimeControl "40/5400+30:1800+30"]

1. Nf3 d5 2. d4 Nf6 3. e3 c6 4. Bd3 Bg4 5. b3 Qa5+ 6. Qd2 Qc7 7. Ne5 Bh5 8. c4 {[%emt 0:14:17] White has an edge.} e6 9. O-O Ne4 10. Qc2 f6 11. f3 Ng5 (11... Nc5 $11) 12. e4 $2 (12. Ng4 $14 {keeps the upper hand.}) 12... h6 $2 (12... dxe4 $19 {Hoping for ...Qd8.} 13. fxe4 Qd8 (13... fxe5 14. Bxg5 exd4 15. Nd2 $15)) 13. Ng4 (13. g4 $11 {keeps the balance.}) 13... dxe4 $17 14. Bxe4 Na6 (14... f5 $17 15. Bd3 Na6 (15... fxg4 16. fxg4 Bxg4 17. h3 $15)) 15. Bg6+ $11 Bxg6 16. Qxg6+ Qf7 17. Qxf7+ Nxf7 18. a3 {[%emt 0:00:00] Dodges Nb4} O-O-O 19. Be3 (19. Nf2 $15 {is more appropriate.}) 19... Nd6 20. Bf2 (20. d5 $1 $15) 20... Nf5 $17 21. d5 exd5 (21... cxd5 22. cxd5 Rxd5 (22... exd5 23. Bxa7 Bd6 24. Ne3 $15) 23. Bxa7 $15) 22. cxd5 Rxd5 (22... cxd5 23. Bxa7 Nc7 24. Ne3 Nxe3 25. Bxe3 $17) 23. Bxa7 Bc5+ ({Black should play} 23... h5 24. Nf2 b6) 24. Bxc5 Nxc5 25. b4 $1 Na4 26. Ra2 Rhd8 27. Nf2 Ne3 28. Re1 Nc4 29. Rc2 b5 30. g4 Kc7 31. Re7+ R8d7 32. Re8 {[%emt 0:00:51] [#]} (32. Rxd7+ $17 {keeps fighting.} Rxd7 (32... Kxd7 33. Rc1 $17) 33. h4) 32... Rd1+ $1 $19 33. Nxd1 Rxd1+ 34. Kf2 Rxb1 35. Re7+ $2 (35. Rce2) 35... Kd6 (35... Kb6 $142 36. Rxg7 Nxa3) 36. Rxg7 Rb2 $2 (36... Nxa3 $2 37. Rd2+ Ke6 (37... Ke5 $2 38. Re7+ Kf4 39. Rd4+ Kg5 40. Rg7+ Kh4 41. g5+ Kh3 42. gxh6 $18) 38. Rdd7 $18) (36... Rh1 $19 37. Kg3 Nab6 (37... Nxa3 $2 38. Rd2+ Ke6 39. Rdd7 $18)) 37. Rxb2 $11 Naxb2 38. Rg6 Nd3+ 39. Kg3 Ke5 (39... Ke7 $1 $11) 40. Rxh6 $18 Nxa3 {[%emt 0:00:18] [#]} 41. g5 $2 fxg5 $11 (41... Nxb4 $2 42. f4+ (42. Rxf6 Nd5 $16) (42. gxf6 Ke6 $11) 42... Ke6 43. Rxf6+ (43. gxf6 Nb1 $11) 43... Ke7 44. f5 $18) 42. Rxc6 Nc4 43. Kg4 Kd5 44. Rc8 Nb6 (44... Nxb4 $11 {remains equal.} 45. Rg8 Kc6 46. Kxg5 Nd3) 45. Rb8 (45. Rd8+ $16 Kc4 46. Kxg5) 45... Kc6 $2 (45... Ne5+ $1 $11 {and Black is okay.} 46. Kf5 (46. Kxg5 Nbd7 $11) 46... Nbc4) 46. Kxg5 $18 Nxb4 (46... Ne5 $142) 47. h4 N4d5 (47... Na6 {might work better.} 48. Re8 Nc7) 48. h5 Nd7 49. Re8 Nc7 $2 (49... N7f6 50. Re6+ Kd7 51. Rxf6 Nxf6 52. Kxf6 b4) 50. Re1 {[%emt 0:00:00] h6 is the strong threat.} Kd6 51. h6 {[%emt 0:00:00] h7 would now be deadly.} Ne6+ 52. Kg6 {[%emt 0:00:00][%cal Of3f4] Black must now prevent f4!} Ne5+ 53. Kf6 Nd7+ 54. Kf7 (54. Kg6 b4 55. Re3 (55. h7 Nef8+ 56. Kg7 Nxh7 $11) 55... Ne5+ 56. Kf5 Nd4+ 57. Kf6 Nd7+ 58. Kf7 Ne5+ 59. Rxe5 Kxe5) 54... Ne5+ 55. Kf6 $2 (55. Rxe5 Kxe5 56. f4+ (56. h7 {leads to mate.} Ng5+ 57. Kg8 Nxh7 58. Kxh7 b4 59. Kg8 b3 60. Kf8 Ke6 61. f4 b2 62. f5+ Kf6 63. Ke8 b1=Q 64. Kd7 Qb6 65. Kc8 Ke7 66. f6+ Kd6 67. f7 Qc7#) 56... Nxf4 57. h7) 55... Nd7+ 56. Kg6 $2 (56. Kf5 Nef8 57. Rh1) 56... Ne5+ 57. Kf5 Nd4+ 58. Kf6 Nd7+ 59. Kg6 Nf8+ 60. Kf7 Nfe6 61. Rd1 {[%emt 0:02:25] White mates.} (61. h7 Ng5+ 62. Kg8 Nxh7 $11) 61... b4 {[%emt 0:02:32] [#]} 62. f4 $1 Kc5 63. h7 Nxf4 64. h8=Q ({Weaker is} 64. h8=B Nfe6 $11) 64... Nfe2 65. Qe5+ Kc4 {[%emt 0:00:12] Never resign too early!   Weighted Error Value: White=0.50/Black=0.62.  Loses game:     	White=1     	Black=2      Missed win:     	White=1     	Black=2      Mistake:       	White=6     	Black=8      Inaccurate:     	White=5     	Black=3      OK:         	White=12    	Black=12     Best:        	White=10    	Black=8      Strong:       	White=1     	---        Brilliant:      	---       	Black=1} 1-0

[Event "Sardinia World Festival-A 2024"]
[Site "Orosei"]
[Date "2024.04.30"]
[Round "4.45"]
[White "Natoli, Alessia"]
[Black "Maida, Federico"]
[Result "1-0"]
[ECO "C01"]
[WhiteElo "1917"]
[BlackElo "1961"]
[Annotator "TA"]
[PlyCount "211"]
[EventDate "2024.04.26"]
[EventType "swiss"]
[EventCountry "ITA"]
[SourceTitle "playchess.com"]
[Source "ChessBase"]
[SourceQuality "1"]
[TimeControl "40/5400+30:1800+30"]

1. e4 e6 2. d4 d5 3. Bd3 dxe4 4. Bxe4 Nf6 5. Bf3 c5 6. Ne2 Nc6 {[%emt 0:00:10] C01: French: Exchange Variation.} 7. Be3 Qb6 8. b3 cxd4 9. Nxd4 Bc5 10. Nxc6 Bxe3 11. Qe2 $146 ({Predecessor:} 11. fxe3 bxc6 12. Qd4 c5 13. Qe5 Bb7 14. O-O Bxf3 15. Rxf3 O-O 16. c4 Rad8 17. Nc3 {0-1 Lochmann,V (1924)-Schwarzat,J (1914) Harburg-chE 5th 2007 (1)}) 11... Bc1 12. Nc3 Bf4 13. Qc4 Bd7 14. Qxf4 Bxc6 15. O-O Rc8 16. Ne4 Nxe4 17. Bxe4 Bxe4 18. Qxe4 Qc6 19. Qd4 O-O 20. c4 a6 21. Rfd1 Qc7 22. Qd6 Qxd6 23. Rxd6 Rfd8 24. Rad1 Rxd6 25. Rxd6 Kf8 26. f4 Ke7 27. Rb6 Rb8 28. c5 Kd7 29. c6+ Kc7 30. Rxb7+ Rxb7 31. cxb7 Kxb7 32. Kf2 Kc6 33. Ke3 Kd5 34. Kd3 a5 35. a3 f6 36. g3 h6 37. b4 axb4 38. axb4 g5 39. Kc3 g4 40. Kd3 h5 41. Kc3 Ke4 42. Kc4 Kf3 43. b5 e5 44. fxe5 fxe5 45. b6 e4 46. b7 e3 47. b8=Q e2 48. Qe5 Kf2 49. Qxh5 e1=Q 50. Qxg4 Qc1+ 51. Kd5 Qh1+ 52. Qe4 Qxh2 53. g4 Qh4 54. Qf5+ Kg3 55. g5 Qh5 56. Ke6 Qe8+ 57. Kf6 Qf8+ 58. Kg6 Qg8+ 59. Kh6 Qh8+ 60. Qh7 Qe5 61. Qg7 Qe6+ 62. Qf6 Qh3+ 63. Kg6 Qd7 64. Qe5+ Kg4 65. Kh6 Qc6+ 66. g6 Qh1+ 67. Kg7 Qb7+ 68. Kg8 (68. Kf6 $5 Qf3+ $8 69. Kg7 $11) 68... Qa8+ 69. Kf7 Qf3+ 70. Qf6 Qb7+ 71. Qe7 Qf3+ 72. Kg7 (72. Qf6 $5 Qb7+ $8 73. Qe7 Qf3+ 74. Kg8 Qa8+ 75. Kg7 $11) 72... Qc6 73. Kh7 Qh1+ 74. Kg8 Qa8+ 75. Qf8 (75. Kf7 $5 Qf3+ $8 76. Kg7 $11) 75... Qd5+ 76. Qf7 Qa8+ 77. Qf8 Qd5+ 78. Kh7 Qe4 79. Qh6 Qf5 80. Qh1 Kg5 81. Qg1+ Kf6 82. Qd4+ Kg5 83. Qd8+ Kh5 84. Qe8 Kg5 85. Qe7+ Kh5 86. Qf7 Qe4 87. Qf6 Kg4 88. Qf1 Kg5 89. Qg1+ Kf6 90. Qf2+ Kg5 $1 91. Qg3+ Kh5 92. Qg1 ({Don't do} 92. Qh3+ $6 Kg5 $16) 92... Qf5 93. Qh2+ Kg5 94. Qh6+ Kg4 95. Qh2 Kg5 96. Qg3+ Kh5 97. Qg2 Qd3 98. Qh2+ Kg5 99. Qe5+ Kh4 100. Kg7 Qd7+ $2 (100... Kg4 $11) 101. Kh8 $2 (101. Kf8 $18 {White threatens Qe7+ and mate.} Qc8+ 102. Kf7 Qc4+ 103. Ke7 Qb4+ 104. Ke8 Qa4+ 105. Kf8) 101... Qd8+ $1 $11 102. Kh7 (102. Kg7 $5 Kg4 $8 103. Qe4+ Kg5 104. Qe3+ Kh5 105. Kh7 Qc7+ 106. g7 Qc2+ 107. Kh8 $11) 102... Qd3 103. Kg7 $2 (103. Qf4+ $11 Kh5 104. Qh6+ Kg4 105. Qh2) 103... Qd7+ $18 104. Kf8 Qc8+ 105. Kf7 Kg4 $2 (105... Qc4+ $18 106. Ke7 Qb4+ 107. Ke8 Qa4+ 108. Kf8 Kg4) 106. Qe6+ 1-0

[Event "Sardinia World Festival-A 2024"]
[Site "Orosei"]
[Date "2024.04.30"]
[Round "4.46"]
[White "Melis, Giovanni"]
[Black "Joel Paul Ganta"]
[Result "0-1"]
[ECO "E93"]
[WhiteElo "1804"]
[BlackElo "1969"]
[Annotator "NA RC"]
[PlyCount "66"]
[EventDate "2024.04.26"]
[EventType "swiss"]
[EventCountry "ITA"]
[SourceTitle "playchess.com"]
[Source "ChessBase"]
[SourceQuality "1"]
[TimeControl "40/5400+30:1800+30"]

1. e4 g6 2. d4 d6 3. c4 Bg7 4. Nf3 Nf6 5. Nc3 O-O 6. Be2 e5 7. d5 Nbd7 8. b4 a5 9. b5 Nc5 10. Qc2 h6 11. Nd2 Nfd7 12. O-O f5 13. f3 f4 14. Nb3 b6 15. Ba3 Nb7 16. Nd1 Nf6 17. Nf2 g5 18. Rfd1 h5 19. Kf1 g4 20. Ke1 g3 21. hxg3 fxg3 22. Nd3 Bh6 23. Bc1 Bg7 24. Be3 h4 25. Bf1 Nh5 26. Qe2 Qf6 27. a4 Bd7 28. Kd2 Rf7 29. Kc2 h3 30. gxh3 Qxf3 31. Rd2 Qxe4 32. Bg2 Qxc4+ 33. Kb2 e4+ 0-1

[Event "Sardinia World Festival-A 2024"]
[Site "Orosei"]
[Date "2024.04.30"]
[Round "4.47"]
[White "Botez, Alexandra"]
[Black "Nardoni, Matteo"]
[Result "1-0"]
[ECO "E81"]
[WhiteElo "1970"]
[BlackElo "1926"]
[Annotator "NA RC"]
[PlyCount "55"]
[EventDate "2024.04.26"]
[EventType "swiss"]
[EventCountry "ITA"]
[SourceTitle "playchess.com"]
[Source "ChessBase"]
[SourceQuality "1"]
[TimeControl "40/5400+30:1800+30"]

1. d4 Nf6 2. c4 g6 3. f3 Bg7 4. e4 d6 5. Nc3 O-O 6. Be3 Nbd7 7. Qd2 c5 8. Nge2 Qa5 9. O-O-O a6 10. dxc5 Nxc5 11. Nd4 Bd7 12. Kb1 Rab8 13. Nc2 Qc7 14. g4 h5 15. e5 dxe5 16. Bxc5 Qxc5 17. g5 Nh7 18. Qxd7 Nxg5 19. Ne4 Nxe4 20. fxe4 e6 21. Be2 Qf2 22. Qd2 f5 23. Rhg1 Rbd8 24. Qg5 Rxd1+ 25. Bxd1 Qxh2 26. Qxg6 Rf7 27. Bxh5 Re7 28. Rd1 1-0

[Event "Sardinia World Festival-A 2024"]
[Site "Orosei"]
[Date "2024.04.30"]
[Round "4.48"]
[White "Cugia, Filippo"]
[Black "Botez, Andrea"]
[Result "1/2-1/2"]
[ECO "B27"]
[WhiteElo "1675"]
[BlackElo "1879"]
[Annotator "NA RC"]
[PlyCount "119"]
[EventDate "2024.04.26"]
[EventType "swiss"]
[EventCountry "ITA"]
[SourceTitle "playchess.com"]
[Source "ChessBase"]
[SourceQuality "1"]
[TimeControl "40/5400+30:1800+30"]

1. e4 c5 2. Nf3 g6 3. d4 cxd4 4. Qxd4 Nf6 5. Nc3 Nc6 6. Qa4 d6 7. e5 dxe5 8. Nxe5 Bg7 9. Bb5 O-O 10. Nxc6 bxc6 11. Bxc6 Bd7 12. Bxd7 Qxd7 13. Qxd7 Nxd7 14. O-O Rab8 15. Nd5 e6 16. Ne3 Bxb2 17. Bxb2 Rxb2 18. g3 Rfb8 19. a3 Ne5 20. Rfd1 R8b7 21. Kg2 h5 22. Rd8+ Kg7 23. a4 Rc7 24. h3 Nc4 25. Nxc4 Rxc4 26. Rd7 Rcxc2 27. Rf1 a5 28. Ra7 Rc5 29. g4 hxg4 30. hxg4 Ra2 31. Rd1 Rcc2 32. Rdd7 Rxf2+ 33. Kg3 g5 34. Rxa5 Kf6 35. Rd3 Rg2+ 36. Kh3 Rh2+ 37. Kg3 Rhg2+ 38. Kh3 Kg6 39. Ra7 Rg1 40. Rf3 Rh1+ 41. Kg3 Rhh2 42. Rfxf7 Rag2+ 43. Kf3 Rf2+ 44. Kg3 Rhg2+ 45. Kh3 Rxf7 46. Rxf7 Ra2 47. Ra7 Kf6 48. Ra5 Ra3+ 49. Kg2 Ke7 50. Rxg5 Rxa4 51. Kf3 Kf6 52. Rb5 Ra1 53. g5+ Kf7 54. Re5 Ra6 55. Kf4 Kg6 56. Kg4 Rd6 57. Kh4 Kf7 58. Kg4 Rd4+ 59. Kf3 Rd1 60. Kf2 1/2-1/2

[Event "Sardinia World Festival-A 2024"]
[Site "Orosei"]
[Date "2024.04.30"]
[Round "4.51"]
[White "Ferrari, Fabrizio"]
[Black "Cilenti, Giuseppe Maria"]
[Result "0-1"]
[ECO "B84"]
[WhiteElo "1595"]
[BlackElo "1574"]
[Annotator "NA RC"]
[PlyCount "64"]
[EventDate "2024.04.26"]
[EventType "swiss"]
[EventCountry "ITA"]
[SourceTitle "playchess.com"]
[Source "ChessBase"]
[SourceQuality "1"]
[TimeControl "40/5400+30:1800+30"]

1. e4 c5 2. Nf3 d6 3. d4 cxd4 4. Nxd4 Nf6 5. Nc3 a6 6. Be2 e6 7. O-O Be7 8. f4 Nc6 9. Kh1 d5 10. e5 Ne4 11. Be3 Nxc3 12. bxc3 O-O 13. Bd3 g6 14. Qg4 f5 15. exf6 Rxf6 16. Nxc6 bxc6 17. Bd4 e5 18. f5 exd4 19. cxd4 Kh8 20. Rf3 Qf8 21. Raf1 Rb8 22. h4 Bxf5 23. Bxf5 Rxf5 24. Rxf5 gxf5 25. Rxf5 Rb1+ 26. Kh2 Bd6+ 27. g3 Qg8 28. Rg5 Qf8 29. Qd7 Qf2+ 30. Kh3 Rh1+ 31. Kg4 Qxg3+ 32. Kf5 Qf4+ 0-1

[Event "Sardinia World Festival-A 2024"]
[Site "Orosei"]
[Date "2024.04.30"]
[Round "5.1"]
[White "Fedoseev, Vladimir"]
[Black "Parkhov, Yair"]
[Result "0-1"]
[ECO "E48"]
[WhiteElo "2690"]
[BlackElo "2513"]
[Annotator "TA"]
[PlyCount "114"]
[EventDate "2024.04.26"]
[EventType "swiss"]
[EventCountry "ITA"]
[SourceTitle "playchess.com"]
[Source "ChessBase"]
[SourceQuality "1"]
[TimeControl "40/5400+30:1800+30"]

1. d4 Nf6 2. c4 e6 3. Nc3 Bb4 4. e3 O-O 5. Bd3 d5 6. cxd5 exd5 7. a3 Bd6 8. Qc2 c5 9. dxc5 {[%emt 0:00:05] The position is equal.} Bxc5 10. Nf3 Nc6 11. O-O Bg4 12. Ng5 h6 13. Nh7 Nxh7 14. Bxh7+ Kh8 {[%emt 0:00:04] ...g6 is the strong threat.} 15. Bf5 Bxf5 16. Qxf5 Ne7 17. Qh5 Qd7 18. Rd1 f5 19. Ne2 Bd6 20. Bd2 Be5 21. Bc3 Bxc3 22. Nxc3 Qe6 23. Rd4 Rad8 24. Rad1 Rd7 25. h4 Rfd8 26. Ne2 Kg8 27. Nf4 Qf7 28. Qxf7+ Kxf7 29. h5 Rd6 30. Kf1 Kf6 31. Ke2 Kg5 32. b4 a6 33. g3 R8d7 34. R4d3 Rd8 35. a4 Rc8 36. Rd4 Rc2+ 37. Kf1 Rb2 38. Nd3 Ra2 39. a5 (39. Rh4 $14) 39... Rc6 40. Nc5 (40. Rb1 {looks sharper.} Rc4 41. b5 Rxa5 42. bxa6 bxa6 43. Rb7) 40... Kxh5 41. Rh4+ Kg6 42. Nxb7 (42. g4 $11 {keeps the balance.}) 42... Rcc2 $17 43. Rf4 {[%emt 0:02:55] [#] This move loses the game for White.} (43. Rh2 $17) 43... Kf6 $1 $19 44. g4 g5 45. Rf3 Kg6 ({Inferior is} 45... Ke5 46. Nc5 $11) 46. Nc5 $2 (46. gxf5+ Nxf5 47. Nc5) 46... fxg4 47. Rf8 {[%emt 0:00:00] [#]} g3 $1 {[%emt 0:00:00][%mdl 512] aiming for ...Nf5.} 48. Nd3 gxf2 49. Ne5+ Kh5 50. Rf3 Ng6 ({Don't do} 50... g4 51. Rf7 Rc7 (51... Ng8 $2 52. Rf4 $19) 52. Rf4 $19) 51. Nd3 Kg4 52. Rf6 Nh4 53. Nxf2+ Kg3 54. Nh1+ Kh2 55. Nf2 h5 {[%emt 0:01:04] Black mates.} 56. Rxd5 g4 57. Rd4 Ng2 {[%emt 0:01:17] Weighted Error Value: White=0.63/Black=0.18 (very precise) .  Loses game:     	White=1     	---        Mistake:       	White=3     	---        Inaccurate:     	White=6     	Black=3      OK:         	White=18    	Black=15     Best:        	White=1     	Black=6      Strong:       	---       	Black=1} 0-1